 Dungeon Crawl Stone Soup version 0.18.1-50-g88ac8fd (webtiles) character file.

82 freekh the Grave Robber (level 4, 0/21 HPs)
             Began as a Vine Stalker Necromancer on Sept 27, 2016.
             Killed from afar by an orc wizard (4 damage)
             ... with a magic dart
             ... on level 3 of the Dungeon.
             The game lasted 00:11:14 (1833 turns).

freekh the Grave Robber (Vine Stalker Necromancer)  Turns: 1833, Time: 00:11:15

Health: 0/21       AC:  2    Str: 11    XL:     4   Next: 43%
Magic:  0/9        EV: 12    Int: 16    God:
Gold:   83         SH:  0    Dex: 14    Spells: 3 memorised, 4 levels left

rFire  . . .     SeeInvis .     w - +0 dagger (venom)
rCold  . . .     Gourm    .     n - +0 robe
rNeg   . . .     Faith    .     (no shield)
rPois  .         Spirit   +     (no helmet)
rElec  .         Dismiss  .     (no cloak)
rCorr  .         Reflect  .     (no gloves)
SustAt .         Harm     .     (no boots)
MR     .....                    (no amulet)
Stlth  ++........               (no ring)
                                (no ring)

@: not resistant to hostile enchantments, unstealthy
A: fangs 2, regeneration 1, magic shield, antimagic bite, no device heal 3, rot
immunity
a: no special abilities


You were on level 3 of the Dungeon.
You were not hungry.

You visited 1 branch of the dungeon, and saw 3 of its levels.

You collected 83 gold pieces.

Inventory:

Hand Weapons
 i - a +0 dagger
 w - a +0 dagger of venom (weapon)
Missiles
 o - 5 tomahawks of returning (quivered)
Armour
 n - a +0 robe (worn)
 s - a +0 leather armour
Wands
 q - a wand of confusion (48/48)
 v - a wand of random effects (17/48)
Scrolls
 d - a scroll of recharging
 k - a scroll of identify
 l - a scroll of fog {unknown}
 p - a scroll of remove curse
Potions
 a - a potion of flight
 e - a potion of berserk rage
 g - a potion of curing
 h - a potion of haste {unknown}
 m - a potion of cancellation {unknown}
 r - 2 potions of heal wounds {unknown}
 t - a potion of might {unknown}
Books
 b - a book of Necromancy

   Spells                             Type                      Level
   a - Pain                           Necromancy                   1
   b - Animate Skeleton               Necromancy                   1
   c - Vampiric Draining              Necromancy                   3
   d - Regeneration                   Charms/Necromancy            3
   e - Animate Dead                   Necromancy                   4
   f - Control Undead                 Necromancy                   4
Comestibles
 c - 2 bread rations
 f - a meat ration
 j - 12 chunks of flesh


   Skills:
 + Level 0.8 Fighting
 * Level 1.0 Short Blades
 - Level 1.5 Dodging
 - Level 2.4 Stealth
 - Level 3.2 Spellcasting
 + Level 4.8 Necromancy


You had 4 spell levels left.
You knew the following spells:

 Your Spells              Type           Power        Failure   Level  Hunger
a - Pain                  Necr           ###.         2%          1    None
b - Animate Skeleton      Necr           N/A          2%          1    None
c - Vampiric Draining     Necr           ###.......   10%         3    ###....


Dungeon Overview and Level Annotations

Branches:
Dungeon (3/15)

Altars:
Nemelex Xobeh
Ru
Trog
Xom


Innate Abilities, Weirdness & Mutations

You have extremely sharp teeth.
Your natural rate of healing is unusually fast.
When hurt, damage is shared between your health and your magic reserves.
Your bite disrupts and absorbs the magic of your enemies.
Potions and wands cannot restore your health.
You are immune to rotting.


Message History

The puff of flame hits you!
* * * LOW HITPOINT WARNING * * *
Things that are here:
a club; a leather armour
Casting: Pain
Confirm with . or Enter, or press ? or * to list all spells.
You don't have enough magic to cast that spell.
You hit the orc priest but do no damage.
The orc priest is poisoned.
You bite the orc priest, but do no damage.
Something hits you.
* * * LOW HITPOINT WARNING * * *
The orc priest casts a cantrip, but nothing happens.
An orc wizard comes into view. It is wielding a dagger.
Something hits you but does no damage. Something hits you but does no damage.
You hear some strange, mumbled words.
A magic dart appears from out of thin air!
The magic dart hits you!
You die...

###### ########....# #######
#........##+## #.....# #
#.##..<......####.....###
..###.....{o#.......#.....##.
........)#.o@....##.#.....##.
.........o).o.......'.....+..
.........#..........#.....##.
##.........#..[..........###.
#......#####.#......##..###)
#............#.##...##......
#o#..#..##.....##...##......
oo.o...>.........#...........
.###........####.##..........


You could see an orc priest and 3 orcs.

Vanquished Creatures
  An orc wizard (D:3)
  A worm (D:2)
  2 dart slugs (D:2)
  2 giant geckos
  4 orcs (D:3)
  A ball python (D:2)
  8 bats
  2 giant cockroaches (D:1)
  4 goblins
  4 hobgoblins
  2 giant newts
  4 kobolds
  9 rats
44 creatures vanquished.

Vanquished Creatures (collateral kills)
  A worm (D:3)
  An orc (D:3)
  2 hobgoblins
  A giant newt (D:3)
  A kobold (D:1)
  2 rats (D:1)
  A butterfly (D:2)
9 creatures vanquished.

Grand Total: 53 creatures vanquished

Notes
Turn   | Place    | Note
--------------------------------------------------------------
     0 | D:1      | freekh the Vine Stalker Necromancer began the quest for the Orb.
     0 | D:1      | Reached XP level 1. HP: 9/9 MP: 4/4
   164 | D:1      | Learned a level 1 spell: Animate Skeleton
   179 | D:1      | Reached XP level 2. HP: 13/13 MP: 1/6
   697 | D:2      | Reached XP level 3. HP: 16/16 MP: 8/8
   703 | D:2      | Learned a level 3 spell: Vampiric Draining
   725 | D:2      | Found a bloodstained altar of Trog.
   725 | D:2      | Found a sacrificial altar of Ru.
  1347 | D:2      | Found a sparkling altar of Nemelex Xobeh.
  1386 | D:2      | Found a shimmering altar of Xom.
  1585 | D:3      | Reached XP level 4. HP: 21/21 MP: 9/9
  1684 | D:3      | Reached skill level 1 in Short Blades
  1833 | D:3      | Killed from afar by an orc wizard

Skill      XL: |  1  2  3  4 |
---------------+-------------+-----
Spellcasting   | 3 |  3.2
Short Blades   | 1 |  1.0
Fighting       | |  0.8
Dodging        | |  1.5
Stealth        | |  2.4
Necromancy     | |  4.8

Action                   |  1- 3 |  4- 6 || total
-------------------------+-------+-------++-------
Melee: Dagger            |    34 |     6 ||    40
       Bite              |    12 |     3 ||    15
 Cast: Pain              |    49 |    12 ||    61
       Animate Skeleton  |    17 |     6 ||    23
       Vampiric Draining |     1 |       ||     1
  Use: Scroll            |       |     5 ||     5
 Stab: Sleeping          |     2 |       ||     2
  Eat: Chunk             |     2 |     1 ||     3
Armor: Robe              |     3 |     1 ||     4
Dodge: Dodged            |    16 |     4 ||    20
